Map: Orbital Shipyard

Players

Basior - Winner!

  • Race: Terran Terran
  • League: Master

yingyang

  • Race: Protoss Protoss
  • League: Grandmaster

Event: DreamHack ZOWIE Open Leipzig

VOD

Have the link to the VOD?

Description

Time

  • Played on: Jan. 22, 2016, 8:16 a.m.
  • Length: 9:01

All games in this series

Show
View Real Time Build Order
Export as new Build Order

Basior Terran - Winner!

Build Orders: Command Center First (CC), MMM Bio 

Get SALT Encoding   

  12  0:00  SCV  
  13  0:12  SCV  
  14  0:17  Supply Depot  
  14  0:25  SCV  
  15  0:39  SCV  
  16  0:51  SCV  
  17  1:00  Command Center  
  17  1:03  SCV  
  18  1:15  Barracks  
  18  1:19  SCV  
  19  1:33  SCV  
  19  1:36  Barracks  
  20  1:45  SCV  
  21  1:49  Barracks  
  21  1:57  SCV  
  22  2:02  Marine  
  23  2:10  Orbital Command  
  23  2:16  Orbital Command  
  23  2:20  Marine  
  24  2:24  Marine  
  25  2:37  Marine  
  25  2:38  Marine  
  25  2:41  SCV, Supply Depot  
  25  2:42  Marine  
  25  2:43  SCV  
  30  2:49  Refinery  
  30  2:52  Refinery  
  30  2:53  SCV  
  30  2:55  Marine  
  30  2:57  SCV, Marine  
  34  3:04  Marine  
  35  3:06  SCV  
  35  3:09  SCV  
  37  3:18  SCV, Engineering Bay  
  37  3:19  Marine  
  39  3:21  Barracks Tech Lab  
  39  3:22  Marine  
  39  3:23  SCV  
  39  3:25  Supply Depot  
  41  3:32  SCV  
  42  3:35  SCV  
  42  3:37  Marine  
  42  3:41  Barracks Reactor  
  44  3:42  Marauder  
  44  3:45  Missile Turret  
  44  3:47  SCV  
  44  3:48  SCV  
  48  3:49  Supply Depot  
  48  3:53  Supply Depot  
  48  3:58  Marine  
  48  3:59  SCV  
  48  4:01  Stimpack  
  48  4:02  SCV  
  51  4:03  Marauder  
  53  4:11  SCV  
  53  4:14  SCV  
  53  4:15  Refinery  
  55  4:17  Marine x2  
  55  4:18  Marine  
  58  4:24  SCV, Marauder  
  58  4:25  Supply Depot  
  58  4:26  SCV  
  62  4:33  Factory  
  62  4:36  SCV, Marine x2  
  62  4:38  SCV  
  67  4:46  Marauder  
  67  4:48  SCV  
  67  4:50  SCV  
  71  4:53  Refinery  
  71  4:54  Marine x2  
  71  4:58  Supply Depot x2  
  71  5:00  SCV  
  71  5:01  Terran Infantry Weapons Level 1  
  71  5:03  Barracks Tech Lab  
  72  5:11  Marine x2  
  72  5:13  SCV x2  
  68  5:22  Combat Shields, Marauder  
  68  5:23  Factory Reactor, Marine  
  68  5:25  SCV x2, Starport  
  73  5:32  Marauder  
  73  5:34  Command Center  
  75  5:37  SCV  
  75  5:42  SCV  
  74  5:47  Marine x2  
  74  5:49  SCV, Marauder  
  79  5:53  Marauder  
  79  5:54  SCV  
  79  5:55  Barracks  
  79  5:56  Barracks  
  82  6:03  SCV  
  83  6:06  Marine x2  
  83  6:08  Factory Reactor, Medivac  
  83  6:09  Medivac  
  89  6:11  Concussive Shells  
  89  6:13  Marauder  
  89  6:15  Marine  
  92  6:19  Missile Turret  
  92  6:24  Marine  
  92  6:25  Marine  
  94  6:29  Supply Depot  
  94  6:32  Supply Depot  
  94  6:45  Marauder x2, Barracks Reactor, Barracks Tech Lab, Marine x2, Widow Mine x2  
  94  6:46  Orbital Command  
  104  6:47  SCV  
  104  6:48  SCV  
  104  6:50  Supply Depot  
  104  6:51  Medivac x2  
  110  6:56  Terran Infantry Armor Level 1  
  110  6:58  Supply Depot  
  110  7:00  SCV  
  111  7:03  Marine  
  111  7:08  Marauder x2  
  116  7:11  Supply Depot  
  116  7:13  Widow Mine x2  
  120  7:20  Marauder, Marine  
  120  7:21  Liberator x2, Marine  
  128  7:28  Orbital Command  
  124  7:33  Marine x2  
  124  7:34  Marauder, Marine  
  124  7:39  Marine x2  
  124  7:41  Marine  
  124  7:43  Starport  
  129  7:45  Supply Depot x2  
  129  7:50  Widow Mine x2  
  133  7:52  Marine  
  133  7:53  Marine x2  
  133  7:56  Marine  
  133  7:57  Marine  
  133  7:58  SCV x3  
  141  8:10  SCV x3  
  141  8:11  Ghost Academy, Refinery  
  144  8:17  Refinery  
  150  8:31  Marine x3  
  146  8:37  Marine  
  146  8:38  Marine x2  
  146  8:40  Marine  
Show
View Real Time Build Order
Export as new Build Order

yingyang Protoss 

Build Orders: 1 Gate Expand 

Get SALT Encoding   

  12  0:01  Probe (Chrono Boost)  
  13  0:11  Probe (Chrono Boost)  
  14  0:17  Pylon  
  14  0:22  Probe (Chrono Boost)  
  15  0:36  Probe (Chrono Boost)  
  15  0:37  Gateway  
  16  0:46  Probe (Chrono Boost)  
  16  0:47  Assimilator  
  18  0:57  Probe (Chrono Boost)  
  18  1:07  Probe (Chrono Boost)  
  19  1:18  Probe (Chrono Boost)  
  20  1:31  Nexus  
  20  1:38  Cybernetics Core  
  21  1:40  Probe (Chrono Boost)  
  21  1:49  Assimilator  
  21  1:53  Probe (Chrono Boost), Pylon  
  22  2:04  Probe (Chrono Boost)  
  23  2:17  Mothership Core (Chrono Boost)  
  23  2:20  Warp Gate (Chrono Boost)  
  25  2:35  Probe (Chrono Boost)  
  28  2:41  Probe  
  29  2:47  Probe (Chrono Boost)  
  30  2:52  Twilight Council  
  30  2:53  Probe (Chrono Boost)  
  29  2:59  Probe (Chrono Boost)  
  29  3:04  Probe (Chrono Boost), Robotics Facility  
  31  3:09  Probe (Chrono Boost), Adept (Chrono Boost)  
  34  3:15  Probe  
  34  3:17  Pylon  
  35  3:21  Probe  
  35  3:25  Resonating Glaives (Chrono Boost)  
  36  3:27  Probe  
  36  3:33  Probe  
  36  3:34  Adept  
  40  3:39  Probe  
  41  3:46  Probe  
  42  3:49  Warp Prism (Chrono Boost)  
  42  3:51  Probe  
  45  3:58  Probe  
  45  4:00  Gateway  
  45  4:01  Gateway  
  46  4:03  Gateway, Probe  
  47  4:10  Probe  
  47  4:13  Pylon  
  47  4:15  Probe  
  47  4:16  Pylon  
  49  4:20  Adept  
  51  4:34  Probe x2, Nexus  
  53  4:43  Pylon  
  52  4:49  Probe  
  52  4:52  Assimilator  
  53  4:56  Assimilator  
  53  5:03  Adept x4  
  59  5:10  Immortal  
  59  5:11  Probe  
  59  5:12  Probe  
  57  5:16  Blink (Chrono Boost)  
  61  5:24  Probe x2  
  61  5:25  Pylon  
  61  5:26  Sentry  
  61  5:27  Sentry  
  67  5:36  Probe  
  67  5:42  Pylon  
  68  5:43  Stalker  
  68  5:44  Immortal  
  68  5:45  Probe x2  
  68  5:48  Probe  
  77  5:57  Probe  
  77  5:59  Stalker x2, Probe  
  77  6:00  Probe  
  77  6:02  Sentry  
  86  6:08  Gateway  
  86  6:16  Probe x2  
  86  6:17  Gateway  
  86  6:18  Probe  
  88  6:19  Gateway  
  88  6:23  Observer  
  89  6:26  Stalker x2  
  89  6:30  Stalker  
  89  6:31  Probe x2  
  89  6:32  Probe  
  99  6:41  Stalker  
  99  6:43  Probe, Pylon  
  99  6:44  Probe  
  103  6:49  Pylon  
  103  6:53  Adept x3  
  109  6:57  Gateway  
  109  6:59  Gateway  
  109  7:03  Pylon  
  109  7:13  Adept x4  
  117  7:22  Stalker  
  103  7:31  Adept x2  
  103  7:33  Warp Prism  
  103  7:34  Adept x3  
  103  7:35  Adept  
  117  7:45  Pylon  
  117  7:49  Stalker  
  119  7:55  Stalker  
  119  7:57  Adept x2  
  125  8:00  Pylon  
  125  8:03  Pylon  
  125  8:04  Adept x4  
  133  8:14  Pylon  
  133  8:21  Adept x2, Pylon  
  133  8:22  Adept x3  
  133  8:26  Adept x3  
  149  8:34  Adept, Pylon  
  129  8:52  Stalker x6  
  129  8:53  Stalker  

Tags
 
Add a new tag
Caveats
  • Supply blocks, unpowered buildings, or Contaminate may cause inaccurate times.
  • Supply counts are checked every 10 seconds.